 Dungeon Crawl Stone Soup version 0.30.1-4-g462c640d31 (webtiles) character file.

Game seed: 6105811032671455646

254 HagarQim the Magician (level 6, -3/42 (44) HPs)
             Began as a Gnoll Wanderer on Aug 29, 2023.
             Slain by a wight
             ... wielding a +0 trident
              (6 damage)
             ... on level 4 of the Dungeon.
             The game lasted 00:06:51 (3830 turns).

HagarQim the Magician (Gnoll Wanderer)              Turns: 3830, Time: 00:06:52

HP:   -3/42 (44)    AC: 12    Str:  9    XL:     6   Next: 15%
MP:   16/16         EV: 12    Int: 15    God:
Gold: 182           SH:  0    Dex: 12    Spells: 15/19 levels left

rFire   . . .        a - +2 sling
rCold   . . .        t - orb {light}
rNeg    + . .        d - +1 robe
rPois   +            p - +2 helmet of Failure {rPois rN+ Stlth+}
rElec   .            b - +0 cloak
rCorr   .            (no gloves)
SInv    .            l - +0 pair of boots
Will    .....        o - amulet of magic regeneration
Stlth   +            n - +4 ring of protection
HPRegen 0.27/turn    (no ring)
MPRegen 0.55/turn

%: no passive effects
@: attractive, glowing, lightly drained
A: fangs 1, strong nose, distributed training
a: no special abilities


You were on level 4 of the Dungeon.
You visited 1 branch of the dungeon, and saw 4 of its levels.

You collected 182 gold pieces.

Inventory:

Hand Weapons
 a - a +2 sling (weapon)
Missiles
 e - 10 atropa-tipped darts
Armour
 b - a +0 cloak (worn)
 d - a +1 robe (worn)
 l - a +0 pair of boots (worn)
 p - the +2 helmet of Failure (worn) {rPois rN+ Stlth+}
   (You took it off Robin on level 3 of the Dungeon)

   rPois:     It protects you from poison.
   rN:        It protects you from negative energy.
   Stlth:     It makes you more stealthy.
 t - an orb of light (worn)
Magical Staves
 h - a staff of air
Jewellery
 n - a +4 ring of protection (left hand)
 o - an amulet of magic regeneration (around neck)
 s - a ring of fire
Scrolls
 c - a scroll of fog
 i - 4 scrolls of immolation
 k - a scroll of poison
 r - 2 scrolls of identify
 x - a scroll of fear
Potions
 f - a potion of magic
 g - a potion of attraction
 j - 2 potions of haste {unknown}
 m - a potion of heal wounds {unknown}
 q - 2 potions of brilliance {unknown}
 u - a potion of cancellation {unknown}
 v - 2 potions of curing {unknown}
 w - a potion of mutation {unknown}


   Skills:
 + Level 1.9 Fighting
 + Level 1.9 Short Blades
 + Level 1.9 Long Blades
 + Level 1.9 Axes
 + Level 1.9 Maces & Flails
 + Level 1.9 Polearms
 + Level 1.9 Staves
 + Level 6.8 Ranged Weapons
 + Level 1.9 Throwing
 + Level 3.2 Armour
 + Level 3.2 Dodging
 + Level 1.9 Stealth
 + Level 1.9 Shields
 + Level 1.9 Unarmed Combat
 + Level 7.4 Spellcasting
 + Level 1.5 Conjurations
 + Level 1.5 Hexes
 + Level 1.5 Summonings
 + Level 4.1 Necromancy
 + Level 1.5 Translocations
 + Level 1.5 Transmutations
 + Level 1.5 Fire Magic
 + Level 1.5 Ice Magic
 + Level 1.5 Air Magic
 + Level 1.5 Earth Magic
 + Level 1.5 Poison Magic
 + Level 2.1 Invocations
 + Level 1.9 Evocations


You had 15 spell levels left.
You knew the following spells:

 Your Spells              Type           Power      Damage    Failure   Level
a - Kiss of Death         Conj/Necr      52%        2d9       4%          1
b - Vampiric Draining     Necr           17%        2d7       7%          3

Your spell library contained the following spells:

 Spells                   Type           Power      Damage    Failure   Level
 Gell's Gravitas          Tloc           10%        N/A       21%         3
 Teleport Other           Tloc           10%        N/A       21%         3
 Vhi's Electric Charge    Tloc/Air       20%        N/A       21%         3
 Arcjolt                  Conj/Air       5%         1d15      88%         5
 Dispersal                Tloc           5%         N/A       100%        6
 Maxwell's Capacitive Co  Air            5%         ∞         100%        8


Dungeon Overview and Level Annotations

Branches:
Dungeon (4/15)
 Temple: D:4-7

Altars:
The Shining One

Shops:
D:2 [

Annotations:
D:4 1 runed translucent door


Innate Abilities, Weirdness & Mutations

You have very sharp teeth.
Your uncanny sense of smell can sniff out nearby items.
Your experience applies equally to all skills.


Message History

The wight completely misses you.
You are too injured to fight recklessly!
You are too injured to fight recklessly!
You are too injured to fight recklessly!
You shoot a sling bullet.
The sling bullet completely misses the wight.
The wight misses you.
You shoot a sling bullet.
The sling bullet hits the wight but does no damage.
The wight is severely damaged.
The wight barely misses you.
You shoot a sling bullet. The sling bullet hits the wight.
The wight is almost destroyed.
The wight misses you.
You shoot a sling bullet. The sling bullet hits the wight.
The wight is almost destroyed.
The wight hits you but does no damage.
You shoot a sling bullet.
The sling bullet hits the wight but does no damage.
The wight is almost destroyed.
The wight hits you from afar with a +0 trident.
You partially resist.
You feel drained. The wight closely misses you.
You shoot a sling bullet.
The sling bullet hits the wight but does no damage.
The wight is almost destroyed.
The wight hits you but does no damage. The wight barely misses you.
You shoot a sling bullet. The sling bullet hits the wight!
You destroy the wight!
The wight hits you from afar with a +0 trident.
You have reached level 6!
The wight hits you with a +0 trident.
* * * LOW HITPOINT WARNING * * *
You see here a hound corpse.
It was a potion of magic.
Magic courses through your body. The wight hits you with a +0 trident.
* * * LOW HITPOINT WARNING * * *
It was a potion of attraction.
You feel attractive to monsters. The wight hits you with a +0 trident.
You die...

###.........)#
+ ##.......###
.. #.).....##
..
#..)...####.##
#......#.>...
#.....##..#
...#.#......#
....###...####
.... #..z@..#
...
#....).......
#.....##.....##
#....## #......
#..## ##....
##. .... . .#.
. #


You could see a wight.

Vanquished Creatures
  2 wights (D:4)
  A hound (D:4)
  Robin (D:3)
  4 adders
  3 dart slugs
  6 endoplasms
  3 giant cockroaches
  2 hobgoblins
  5 jackals (D:1)
  3 quokkas
  5 ball pythons
  4 bats
  4 frilled lizards
  15 goblins
  6 kobolds
  4 rats (D:2)
68 creatures vanquished.

Notes
Turn   | Place    | Note
-------+----------+-------------------------------------------
     0 | D:1      | HagarQim the Gnoll Wanderer began the quest for the Orb.
     0 | D:1      | HagarQim set off with the following items: a +2 sling, a +0
                  | cloak, a scroll of fog, a +0 robe; and the following spell
                  | memorised: Kiss of Death; and the following spells
                  | available to memorise: Vampiric Draining.
     0 | D:1      | Reached XP level 1. HP: 13/13 MP: 8/8
   327 | D:1      | Reached XP level 2. HP: 19/19 MP: 10/10
   937 | D:1      | Reached XP level 3. HP: 25/25 MP: 11/11
   941 | D:1      | Learned a level 3 spell: Vampiric Draining
  1464 | D:2      | Found Zesin's Armour Emporium.
  1488 | D:2      | Reached skill level 1 in Invocations
  1938 | D:2      | Reached skill level 1 in Fighting
  1938 | D:2      | Reached skill level 1 in Short Blades
  1938 | D:2      | Reached skill level 1 in Long Blades
  1938 | D:2      | Reached skill level 1 in Axes
  1938 | D:2      | Reached skill level 1 in Maces & Flails
  1938 | D:2      | Reached skill level 1 in Polearms
  1938 | D:2      | Reached skill level 1 in Staves
  1938 | D:2      | Reached skill level 1 in Throwing
  1938 | D:2      | Reached skill level 1 in Stealth
  1938 | D:2      | Reached skill level 1 in Shields
  1938 | D:2      | Reached skill level 1 in Unarmed Combat
  1938 | D:2      | Reached skill level 1 in Evocations
  1969 | D:2      | Found a glowing golden altar of the Shining One.
  1985 | D:2      | Reached XP level 4. HP: 20/28 MP: 13/13
  2097 | D:2      | Found a faded altar of an unknown god.
  3147 | D:3      | Reached skill level 1 in Conjurations
  3147 | D:3      | Reached skill level 1 in Hexes
  3147 | D:3      | Reached skill level 1 in Summonings
  3147 | D:3      | Reached skill level 1 in Translocations
  3147 | D:3      | Reached skill level 1 in Transmutations
  3147 | D:3      | Reached skill level 1 in Fire Magic
  3147 | D:3      | Reached skill level 1 in Ice Magic
  3147 | D:3      | Reached skill level 1 in Air Magic
  3147 | D:3      | Reached skill level 1 in Earth Magic
  3147 | D:3      | Reached skill level 1 in Poison Magic
  3156 | D:3      | Identified the +2 helmet of Failure {rPois rN+ Stlth+}
  3156 | D:3      | Noticed Robin
  3165 | D:3      | Killed Robin
  3739 | D:4      | Reached XP level 5. HP: 30/30 MP: 14/14
  3796 | D:4      | Found a runed translucent gate.
  3828 | D:4      | Reached XP level 6. HP: 11/42 MP: 16/16
  3830 | D:4      | Slain by a wight

Illustrated notes

Levels and vault maps discovered:
D:1:      heliophobic_arrival_dark_side_of_the_moon, layout_basic
D:2:      layout_loops_ring, serial_shops, shop, serial_forest,
          infiniplex_forest_clump_small, infiniplex_forest_end_double,
          infiniplex_forest_zigzag_2, infiniplex_forest_split,
          infiniplex_forest_clump_double, infiniplex_forest_side_room,
          dreamdust_ecumenical_altar_angels_and_demons, basic_altar,
          minmay_octomino_e4
D:3:      layout_loops_corners, chequers_garden, skrybe_limestone_x, uniq_robin
D:4:      layout_cave_pools, mainiacjoe_overflow_catwalk_spiral,
          mainiacjoe_overflow_paths, minmay_temple_entry_trees,
          ebering_ghost_gozag

Skill      XL: |  1  2  3  4  5 |
---------------+----------------+-----
Invocations    | 1 2 |  2.1
Fighting       | 1 |  1.9
Short Blades   | 1 |  1.9
Long Blades    | 1 |  1.9
Axes           | 1 |  1.9
Maces & Flails | 1 |  1.9
Polearms       | 1 |  1.9
Staves         | 1 |  1.9
Throwing       | 1 |  1.9
Stealth        | 1 |  1.9
Shields        | 1 |  1.9
Unarmed Combat | 1 |  1.9
Evocations     | 1 |  1.9
Conjurations   | 1 |  1.5
Hexes          | 1 |  1.5
Summonings     | 1 |  1.5
Translocations | 1 |  1.5
Transmutations | 1 |  1.5
Fire Magic     | 1 |  1.5
Ice Magic      | 1 |  1.5
Air Magic      | 1 |  1.5
Earth Magic    | 1 |  1.5
Poison Magic   | 1 |  1.5
Armour         | 3 |  3.2
Dodging        | 3 |  3.2
Necromancy     | 4 |  4.1
Ranged Weapons | |  6.8
Spellcasting   | |  7.4

Action                     |  1- 3 |  4- 6 || total
---------------------------+-------+-------++-------
   Fire: Sling             |    85 |   203 ||   288
   Cast: Kiss of Death     |     2 |     2 ||     4
    Use: Scroll            |       |     5 ||     5
         Potion            |       |     2 ||     2
 Armour: Robe              |    13 |    14 ||    27
  Dodge: Dodged            |    22 |    21 ||    43
